 Dungeon Crawl Stone Soup version 0.21-a0-538-gd16b88a (webtiles) character file.

834 teukkam the Magician (level 7, -1/53 HPs)
             Began as a Gnoll Wanderer on Dec 15, 2017.
             Was a Follower of Makhleb.
             Slain by an ogre
             ... wielding a +0 giant spiked club
              (23 damage)
             ... on level 6 of the Dungeon.
             The game lasted 00:23:48 (3873 turns).

teukkam the Magician (Gnoll Wanderer)               Turns: 3873, Time: 00:23:49

Health: -1/53      AC: 10    Str: 13    XL:     7   Next: 98%
Magic:  15/15      EV:  5    Int: 14    God:    Makhleb [*.....]
Gold:   283        SH:  0    Dex: 14    Spells: 17/17 levels left

rFire    x . .     SeeInvis .   a - +1 dagger (venom)
rCold    . . .     Gourm    .   (no shield)
rNeg     + + +     Faith    .   k - +0 chain mail
rPois    .         Spirit   .   (no helmet)
rElec    .         Reflect  .   (no cloak)
rCorr    .         Harm     .   D - +0 pair of gloves
MR       .....                  (no boots)
Stlth    ..........             (no amulet)
HPRegen  0.17/turn              H - ring of loudness (curse)
MPRegen  0.14/turn              e - ring "Bash" {+Blink rF- rN+++ Str-4 Stlth+}

@: no status effects
A: distributed training, fangs 1, inability to train dodging, strong nose
a: Renounce Religion, Evoke Blink


You were on level 6 of the Dungeon.
You worshipped Makhleb.
Makhleb was aware of your devotion.
You were hungry.

You visited 1 branch of the dungeon, and saw 6 of its levels.
You also visited: Sewer.

You collected 283 gold pieces.

Inventory:

Hand Weapons
 a - a +1 dagger of venom (weapon)
 b - a +1 hand crossbow
 g - a +2 dagger
 i - a +3 flail of protection
 y - a +0 scimitar of holy wrath
 A - a +0 blowgun
Missiles
 m - 32 sling bullets
 o - 210 stones (quivered)
 p - 129 arrows
 B - 9 bolts
 C - 39 poisoned needles
Armour
 k - a +0 chain mail (worn)
 D - a +0 pair of gloves (worn)
Magical Staves
 L - an uncursed staff of poison
Jewellery
 e - the ring "Bash" (right hand) {+Blink rF- rN+++ Str-4 Stlth+}
   (You acquired it on level 5 of the Dungeon)

   [ring of stealth]

   It affects your strength (-4).
   It makes you vulnerable to fire.
   It renders you almost immune to negative energy.
   It lets you blink.
   It makes you more stealthy.
 h - an uncursed ring of poison resistance
 t - a +3 ring of strength
 u - an uncursed ring of resist corrosion
 H - a cursed ring of loudness (left hand)
 N - an uncursed ring of protection from cold {unknown}
Wands
 r - a wand of flame (18)
 K - a wand of disintegration (6)
Scrolls
 s - a scroll of amnesia
 E - a scroll of identify
 G - a scroll of magic mapping
Potions
 d - 2 potions of lignification
 l - 2 potions of degeneration
 n - 4 potions of curing
 q - 3 potions of flight {unknown}
 v - 3 potions of might {unknown}
 w - a potion of brilliance {unknown}
 x - 3 potions of agility {unknown}
 z - 2 potions of heal wounds {unknown}
 F - a potion of resistance {unknown}
 J - a potion of magic {unknown}
Books
 c - Cuvol's Handbook of the Escort

   Spells                             Type                      Level
   a - Summon Butterflies             Summoning                    1
   b - Summon Guardian Golem          Hexes/Summoning              3
Comestibles
 f - 2 bread rations
 j - 2 royal jellies
 I - 2 meat rations


   Skills:
 + Level 3.8 Fighting
 + Level 2.7 Short Blades
 + Level 2.7 Long Blades
 + Level 2.7 Axes
 + Level 2.7 Maces & Flails
 + Level 2.7 Polearms
 + Level 2.7 Staves
 + Level 2.7 Slings
 + Level 2.7 Bows
 + Level 5.4 Crossbows
 + Level 2.7 Throwing
 + Level 2.7 Armour
   Level 0.0 Dodging
 + Level 3.7 Stealth
 + Level 2.7 Shields
 + Level 2.7 Unarmed Combat
 + Level 5.7 Spellcasting
 + Level 2.2 Conjurations
 + Level 3.1 Hexes
 + Level 2.2 Charms
 + Level 2.2 Summonings
 + Level 2.2 Necromancy
 + Level 2.2 Translocations
 + Level 2.2 Transmutations
 + Level 4.4 Fire Magic
 + Level 2.2 Ice Magic
 + Level 2.2 Air Magic
 + Level 2.2 Earth Magic
 + Level 2.2 Poison Magic
 + Level 3.0 Invocations
 + Level 3.8 Evocations


You had 17 spell levels left.
You didn't know any spells.

Dungeon Overview and Level Annotations

Branches:
Dungeon (6/15)             Temple (0/1) D:4

Altars:
Cheibriados
Elyvilon
Fedhas
Makhleb
Ru
Yredelemnul
The Shining One

Annotations:
D:3 exclusion: oklob plant


Innate Abilities, Weirdness & Mutations

Your experience applies equally to all skills.
You have very sharp teeth.
You cannot train Dodging skill.
Your uncanny sense of smell can sniff out nearby items.


Message History

The bolt hits the ogre but does no damage.
Firing (i - inventory. (,) - cycle):
B - 10 bolts (quivered)
Press: ? - help, Shift-Dir - straight line, f/p - ogre
Aim: an ogre, wielding a giant spiked club You shoot a bolt.
The bolt hits the ogre.
The ogre is lightly wounded.
The ogre hits you with a giant spiked club.
Your +1 dagger of venom begins to drip with poison!
a - a +1 dagger of venom (weapon)
You hit the ogre.
The ogre is poisoned.
The ogre is lightly wounded.
The ogre barely misses you.
You hit the ogre. Your bite misses the ogre.
The ogre is moderately wounded.
The ogre hits you with a giant spiked club!!
Ouch! That really hurt!
You hit the ogre.
The ogre looks as sick as possible!
The ogre is heavily wounded.
The ogre hits you with a giant spiked club!!
You die...

#### ..## ... #.#
#######.#
#....aO@#
#.(###..######.##
#.. #...........
.... ##.#.####.#
....# #.#.#
#..... #.#.#
....#. #.#.#
..(##. #.#.#
#.#..


You could see an ogre and a worker ant.

Vanquished Creatures
  Menkaure (D:4)
  The ghost of tidbits the Digger, an amateur GnEE (D:3)
  A big kobold (Sewer)
  A scorpion (D:4)
  A bullfrog skeleton (D:5)
  An orc priest (D:4)
  2 jellies (D:5)
  2 iguanas
  Natasha (twice) (D:2)
  3 orc wizards
  2 worker ants
  A hound zombie (D:5)
  A worker ant zombie (D:5)
  5 adders
  A shadow imp (D:5)
  2 oozes
  A worm (D:2)
  A dart slug (D:2)
  2 leopard geckos
  6 orcs
  5 bats
  9 giant cockroaches
  4 goblins
  4 hobgoblins
  5 jackals
  16 kobolds
  3 quokkas
  4 ball pythons
  5 frilled lizards
  A quokka skeleton (D:5)
  6 rats
99 creatures vanquished.

Notes
Turn   | Place    | Note
-------+----------+-------------------------------------------
     0 | D:1      | teukkam the Gnoll Wanderer began the quest for the Orb.
     0 | D:1      | teukkam set off with: a +2 dagger, a potion of haste, Cuvol's Handbook of the Escort, a potion of lignification, a +0 robe, a bread ration
     0 | D:1      | Reached XP level 1. HP: 17/17 MP: 6/6
     0 | D:1      | Identified Cuvol's Handbook of the Escort
    12 | D:1      | Noticed a centaur
   411 | D:1      | Reached XP level 2. HP: 18/23 MP: 7/7
   614 | D:2      | Found a sacrificial altar of Ru.
   620 | D:2      | Became a worshipper of Ru the Awakened
   722 | D:2      | Reached XP level 3. HP: 25/28 MP: 9/9
   725 | D:2      | Reached skill level 5 in Spellcasting
   796 | D:2      | Noticed Natasha
   806 | D:2      | Killed Natasha
   806 | D:2      | Reached skill level 1 in Short Blades
   806 | D:2      | Reached skill level 1 in Long Blades
   806 | D:2      | Reached skill level 1 in Axes
   806 | D:2      | Reached skill level 1 in Maces & Flails
   806 | D:2      | Reached skill level 1 in Polearms
   806 | D:2      | Reached skill level 1 in Staves
   806 | D:2      | Reached skill level 1 in Slings
   806 | D:2      | Reached skill level 1 in Bows
   806 | D:2      | Reached skill level 1 in Throwing
   806 | D:2      | Reached skill level 1 in Armour
   806 | D:2      | Reached skill level 1 in Dodging
   806 | D:2      | Reached skill level 1 in Shields
   806 | D:2      | Reached skill level 1 in Unarmed Combat
   806 | D:2      | Reached skill level 1 in Invocations
  1071 | D:2      | Noticed Natasha
  1075 | D:2      | Reached XP level 4. HP: 29/34 MP: 11/11
  1079 | D:2      | Killed Natasha
  1242 | D:3      | Noticed tidbits's ghost (amateur GnEE)
  1269 | D:4      | Noticed Menkaure
  1273 | D:4      | Killed Menkaure
  1273 | D:4      | Reached skill level 1 in Conjurations
  1273 | D:4      | Reached skill level 1 in Charms
  1273 | D:4      | Reached skill level 1 in Summonings
  1273 | D:4      | Reached skill level 1 in Necromancy
  1273 | D:4      | Reached skill level 1 in Translocations
  1273 | D:4      | Reached skill level 1 in Transmutations
  1273 | D:4      | Reached skill level 1 in Ice Magic
  1273 | D:4      | Reached skill level 1 in Air Magic
  1273 | D:4      | Reached skill level 1 in Earth Magic
  1273 | D:4      | Reached skill level 1 in Poison Magic
  1273 | D:4      | Reached XP level 5. HP: 38/41 MP: 12/12
  1288 | D:4      | Reached XP level 6. HP: 42/47 MP: 13/13
  1296 | D:4      | Found a staircase to the Ecumenical Temple.
  1399 | D:3      | Found a glowing drain.
  1418 | Sewer    | Entered a sewer
  1698 | Sewer    | Reached skill level 5 in Crossbows
  1781 | Sewer    | Gained mutation: You cannot train Dodging skill. [Ru sacrifice]
  1781 | Sewer    | Reached * piety under Ru
  1893 | D:3      | Killed tidbits's ghost
  1893 | D:3      | Reached XP level 7. HP: 40/52 MP: 15/15
  1974 | D:3      | Found a basalt altar of Yredelemnul.
  1978 | D:3      | Found a snail-covered altar of Cheibriados.
  2168 | D:3      | Found a blossoming altar of Fedhas.
  2189 | D:3      | Noticed an oklob plant
  2266 | D:3      | Found a faded altar of an unknown god.
  2278 | D:3      | Fell from the grace of Ru
  2278 | D:3      | Became a worshipper of Makhleb the Destroyer
  2278 | D:3      | Reached * piety under Makhleb
  2366 | D:3      | Found a glowing golden altar of the Shining One.
  2527 | D:4      | Found a white marble altar of Elyvilon.
  2890 | D:5      | Entered Level 5 of the Dungeon
  3196 | D:5      | Identified a scroll of acquirement
  3197 | D:5      | Got a faintly glowing brass ring
  3199 | D:5      | Identified the ring "Bash" {+Blink rF- rN+++ Str-4 Stlth+} (You acquired it on level 5 of the Dungeon)
  3873 | D:6      | Slain by an ogre

Vault maps used:
D:1:      evilmike_arrival_come_back, minmay_misc_feat_nine_boxes,
          minmay_misc_feat_room
D:2:      hangedman_ru_absence, first_bread, uniq_natasha
D:3:      yredelemnul_altar_generic, lemuel_coloured_pillars_altar,
          lemuel_crystal_altar, cheibrodos_sewer_entry_drain,
          chequers_ecumenical_altar_simple_redux, tgw_fedhas
D:4:      overflow_temple_1_default, minmay_temple_entry_statues_fountains,
          uniq_menkaure
D:6:      nicolae_overflow_quartered_altars, nrook_mini_backslash,
          kennysheep_generic_room_3
Sewer:    kennysheep_pipe_town

Skill      XL: |  1  2  3  4  5  6  7 |
---------------+----------------------+-----
Hexes          | 2 3 |  3.1
Spellcasting   | 5 |  5.7
Short Blades   | 1 2 |  2.7
Long Blades    | 1 2 |  2.7
Axes           | 1 2 |  2.7
Maces & Flails | 1 2 |  2.7
Polearms       | 1 2 |  2.7
Staves         | 1 2 |  2.7
Slings         | 1 2 |  2.7
Bows           | 1 2 |  2.7
Throwing       | 1 2 |  2.7
Armour         | 1 2 |  2.7
Dodging        | 1 0 |  0.0
Shields        | 1 2 |  2.7
Unarmed Combat | 1 2 |  2.7
Invocations    | 1 2 3 |  3.0
Fighting       | 3 |  3.8
Conjurations   | 1 2 |  2.2
Charms         | 1 2 |  2.2
Summonings     | 1 2 |  2.2
Necromancy     | 1 2 |  2.2
Translocations | 1 2 |  2.2
Transmutations | 1 2 |  2.2
Fire Magic     | 4 |  4.4
Ice Magic      | 1 2 |  2.2
Air Magic      | 1 2 |  2.2
Earth Magic    | 1 2 |  2.2
Poison Magic   | 1 2 |  2.2
Evocations     | 3 |  3.8
Stealth        | 3 |  3.7
Crossbows      | 5 |  5.4

Action                   |  1- 3 |  4- 6 |  7- 9 || total
-------------------------+-------+-------+-------++-------
Melee: Dagger            |    66 |   124 |    91 ||   281
       Bite              |    10 |    13 |    14 ||    37
       Scimitar          |     1 |     3 |    20 ||    24
       Staff             |       |       |     6 ||     6
 Fire: Hand crossbow     |       |    11 |    32 ||    43
Throw: Stone             |       |     1 |       ||     1
Invok: Sacrifice Nimblen |       |     1 |       ||     1
Evoke: Wand              |       |     4 |       ||     4
  Use: Scroll            |       |     3 |     5 ||     8
       Potion            |       |     1 |       ||     1
  Eat: Chunk             |     1 |       |     3 ||     4
       Meat ration       |       |     1 |       ||     1
Armor: Scale mail        |     6 |       |       ||     6
       Chain mail        |    45 |    77 |    85 ||   207
Dodge: Dodged            |    25 |    42 |    35 ||   102

Table legend:
 A = Spawn XP
 B = Non-spawn XP
 C = Spawn XP percentage of total XP
 D = Spawn monster count
 E = Non-spawn monster count
 F = Spawn count percentage of total count
 G = Total turns spent on level
                    A         B        C        D         E        F      G
               +---------+---------+-------+---------+---------+-------+---------
         Total |       0 |    1192 |   0.0 |       0 |      99 |   0.0 |  3873
               +---------+---------+-------+---------+---------+-------+---------
           D:1 |       0 |      22 |   0.0 |       0 |      13 |   0.0 |   535
           D:2 |       0 |      97 |   0.0 |       0 |      15 |   0.0 |   694
           D:3 |       0 |     156 |   0.0 |       0 |      14 |   0.0 |   801
           D:4 |       0 |     411 |   0.0 |       0 |      13 |   0.0 |   426
           D:5 |       0 |     359 |   0.0 |       0 |      20 |   0.0 |   953
         Sewer |       0 |     147 |   0.0 |       0 |      24 |   0.0 |   434
               +---------+---------+-------+---------+---------+-------+---------
